 Dungeon Crawl Stone Soup version 0.23.2-40-g277498a001 (webtiles) character file.

Game seed: 9874284477213430820

8838 Kikorro the Carver (level 11, -1/95 HPs)
             Began as a Grey Draconian Fighter on Sept 4, 2019.
             Was a Priest of the Shining One.
             Slain by a death yak (22 damage)
             ... on level 10 of the Dungeon.
             The game lasted 00:41:51 (11563 turns).

Kikorro the Carver (Grey Draconian Fighter)        Turns: 11563, Time: 00:41:55

Health: -1/95      AC: 12    Str: 22    XL:     11   Next: 15%
Magic:  14/15      EV: 13    Int:  9    God:    the Shining One [***...]
Gold:   756        SH: 12    Dex: 10    Spells: 10/10 levels left

rFire    + . .     SeeInvis .   a - +0 long sword
rCold    + . .     Gourm    .   b - +1 shield
rNeg     + . .     Faith    .   (armour unavailable)
rPois    +         Spirit   .   (helmet restricted)
rElec    .         Reflect  .   g - scarf {rC+ rF+}
rCorr    .         Harm     .   (no gloves)
MR       +....                  (no boots)
Stlth    +.........             G - amulet of rage
HPRegen  0.25/turn              z - ring of protection from magic
MPRegen  0.14/turn              E - ring of poison resistance

@: about to teleport, berserk cooldown, slowed, glowing, studying Slings, very
slow
A: walk through water, unfitting armour, unbreathing, cold-blooded, AC +12
a: Divine Shield, Renounce Religion, Evoke Berserk Rage


You were on level 10 of the Dungeon.
You worshipped the Shining One.
The Shining One was most pleased with you.
You were very hungry.

You visited 1 branch of the dungeon, and saw 10 of its levels.
You also visited: Ossuary.

You collected 756 gold pieces.

Inventory:

Hand Weapons
 a - a +0 long sword (weapon)
Armour
 b - a +1 shield (worn)
 g - a scarf of resistance (worn)
Jewellery
 z - a ring of protection from magic (left hand)
 D - an uncursed ring of protection from cold
 E - a ring of poison resistance (right hand)
 G - an amulet of rage (around neck)
 I - an uncursed ring of wizardry
Wands
 r - a wand of iceblast (16)
 v - a wand of digging (5)
 y - a wand of paralysis (5)
 A - a wand of flame (13)
 H - a wand of disintegration (8)
Scrolls
 f - 7 scrolls of remove curse
 k - 3 scrolls of teleportation
 n - 4 scrolls of amnesia
 o - 3 scrolls of enchant armour
 p - a scroll of magic mapping
 t - a scroll of fog {unknown}
 u - a scroll of brand weapon {unknown}
 x - a scroll of acquirement {unknown}
 C - 2 scrolls of blinking
Potions
 c - 5 potions of might
 h - 2 potions of heal wounds {unknown}
 i - 4 potions of resistance
 j - a potion of haste {unknown}
 l - a potion of lignification
 m - 3 potions of brilliance {unknown}
 q - 5 potions of curing {unknown}
 s - 4 potions of agility {unknown}
 w - 3 potions of mutation
 B - a potion of flight
Books
 e - a manual of Slings
Comestibles
 d - 12 rations
 J - a chunk of flesh


   Skills:
 + Level 8.3 Fighting
 + Level 11.3 Long Blades
 + Level 6.7 Dodging
 - Level 2.1 Stealth
 + Level 7.8 Shields
 * Level 5.3 Invocations
 + Level 0.7 Evocations


You had 10 spell levels left.
You didn't know any spells.
Your spell library contained the following spells:

 Spells                   Type           Power        Failure   Level  Hunger
 Confusing Touch          Hex            #.....       71%         1    ##.....
 Magic Dart               Conj           #...         71%         1    ##.....
 Blink                    Tloc           N/A          83%         2    ###....
 Call Imp                 Summ           #.......     83%         2    ###....
 Slow                     Hex            #.......     83%         2    ###....
 Confuse                  Hex            #.......     97%         3    ####...
 Conjure Flame            Conj/Fire      #.......     97%         3    ####...
 Gell's Gravitas          Tloc           #.........   97%         3    ####...
 Mephitic Cloud           Conj/Pois/Air  #.......     97%         3    ####...
 Petrify                  Tmut/Erth      #.......     100%        4    #####..
 Metabolic Englaciation   Hex/Ice        #.........   100%        5    ######.
 Yara's Violent Unravell  Hex/Tmut       #.........   100%        5    ######.


Dungeon Overview and Level Annotations

Branches:
Dungeon (10/15)            Temple (0/1) D:5            Lair (0/6) D:10
    Orc (0/2) D:9

Altars:
Ashenzari
Elyvilon
Kikubaaqudgha
Makhleb
Nemelex Xobeh
Uskayaw
Vehumet
Xom
The Shining One


Innate Abilities, Weirdness & Mutations

You can walk through water.
Your dull iron-grey scales are very hard. (AC +12)
You cannot fit into any form of body armour.
You can survive without breathing.
You are cold-blooded and may be slowed by cold attacks.


Message History

You slash the death yak!
The death yak is severely wounded.
The death yak completely misses you.
You riposte.
You slash the death yak!
The death yak is almost dead.
You hit the death yak. You tail-slap the death yak.
The death yak is almost dead.
The death yak closely misses you. The death yak gores you!
* * * LOW HITPOINT WARNING * * *
You hit the death yak.
You kill the death yak!
You are no longer berserk.
You are exhausted.
You feel yourself slow down.
As you read the scroll of teleportation, it crumbles to dust.
You feel strangely unstable. The death yak barely misses you.
You riposte.
You hit the death yak but do no damage. You tail-slap the death yak.
The death yak is lightly wounded.
An orc warrior comes into view. It is wielding a +0 long sword.
The death yak gores you!!
You die...

..#####.... ..........###### ###
..............o #..
.#..#........####### #.#
...r...............###.#
>...r.(.....#....".....#
......Y..).###.......).#
...r.rr@†.## ##...)((...
...........###....[..).#
............#..........#
#..............#.#.....#
.......................#
...............#.#.....#
....[........#####...............
.............# #.............#.
.............# #............##.


You could see a death yak, an orc warrior (wandering), a hell rat, a porcupine
and 3 river rats.

Vanquished Creatures
  A centaur warrior (D:9)
  A two-headed ogre (D:9)
  2 death yaks (D:10)
  2 hippogriffs
  A wraith (D:10)
  4 yaks (D:9)
  2 hungry ghosts (D:9)
  Menkaure (D:5)
  A two-headed ogre zombie (D:9)
  2 orc warriors
  3 sky beasts
  3 ice beasts
  3 phantoms
  A black bear (D:9)
  6 ogres
  5 centaurs
  3 big kobolds
  7 bullfrogs
  An elf zombie (Ossuary)
  7 scorpions
  2 troll zombies (D:9)
  8 killer bees
  2 crimson imps
  5 hounds
  A jelly (D:8)
  3 orc wizards
  2 orc priests
  A centaur skeleton (D:5)
  2 human zombies (Ossuary)
  A bullfrog skeleton (D:8)
  A hell rat (D:10)
  3 iguanas
  5 worker ants
  2 killer bee zombies
  5 ogre zombies (D:9)
  A big kobold zombie (Ossuary)
  2 hound skeletons
  4 mummies (Ossuary)
  2 worker ant zombies
  4 gnolls
  9 adders
  A howler monkey skeleton (D:9)
  A shadow imp (D:5)
  3 oozes
  An adder skeleton (D:4)
  An adder zombie (Ossuary)
  3 worms
  2 dart slugs (D:1)
  4 leopard geckos
  21 orcs
  7 bats
  7 giant cockroaches
  3 goblins
  8 hobgoblins
  7 jackals
  3 quokkas
  A ball python (D:2)
  3 frilled lizards
  A goblin skeleton (D:9)
  3 goblin zombies (D:9)
  3 hobgoblin zombies
  A jackal skeleton (D:4)
  3 jackal zombies
  16 kobolds
  A kobold zombie (Ossuary)
  4 orc skeletons (D:9)
  19 orc zombies
  2 quokka skeletons
  7 rats
257 creatures vanquished.

Notes
Turn   | Place    | Note
-------+----------+-------------------------------------------
     0 | D:1      | Kikorro the Draconian Fighter began the quest for the Orb.
     0 | D:1      | Reached XP level 1. HP: 19/19 MP: 1/1
    74 | D:1      | Reached XP level 2. HP: 24/26 MP: 2/2
   554 | D:1      | Reached XP level 3. HP: 28/31 MP: 3/3
  1539 | D:3      | Reached skill level 3 in Long Blades
  1674 | D:3      | You fall through a shaft for 2 floors!
  1674 | D:5      | Entered Level 5 of the Dungeon
  1677 | D:5      | Noticed an ice beast
  1689 | D:4      | Found a shattered altar of Ashenzari.
  1696 | D:4      | Reached XP level 4. HP: 27/40 MP: 4/4
  1732 | D:4      | Found a shimmering altar of Xom.
  1732 | D:4      | Noticed an ogre
  1745 | D:4      | Found an ancient bone altar of Kikubaaqudgha.
  1765 | D:4      | Found a radiant altar of Vehumet.
  2169 | D:3      | Reached XP level 5. HP: 46/46 MP: 5/5
  2433 | D:3      | Reached skill level 4 in Long Blades
  2510 | D:3      | Found a faded altar of an unknown god.
  2791 | D:3      | Found a glowing golden altar of the Shining One.
  2794 | D:3      | Became a worshipper of the Shining One
  3049 | D:4      | Reached XP level 6. HP: 15/53 MP: 6/6
  3083 | D:4      | HP: 2/53 [poisoned by a scorpion]
  3416 | D:4      | Reached skill level 5 in Long Blades
  3947 | D:4      | Your scales start taking on a dull iron-grey colour.
  3947 | D:4      | Reached XP level 7. HP: 35/60 MP: 7/7
  3947 | D:4      | Gained mutation: You can survive without breathing. [Grey
                  | Draconian growth]
  4098 | D:5      | Noticed Menkaure
  4117 | D:5      | Killed Menkaure
  4117 | D:5      | Reached skill level 5 in Fighting
  4117 | D:5      | Reached skill level 6 in Long Blades
  4159 | D:5      | Reached * piety under the Shining One
  4273 | D:5      | Found a burning altar of Makhleb.
  4273 | D:5      | Found a hide-covered altar of Uskayaw.
  4285 | D:5      | Reached skill level 1 in Stealth
  4591 | D:5      | Reached skill level 7 in Long Blades
  4728 | D:5      | Reached XP level 8. HP: 22/69 MP: 8/8
  4954 | D:5      | Found a staircase to the Ecumenical Temple.
  5656 | D:6      | Found a white marble altar of Elyvilon.
  6483 | D:7      | Reached skill level 8 in Long Blades
  6483 | D:7      | Reached skill level 5 in Shields
  6626 | D:7      | Found a sparkling altar of Nemelex Xobeh.
  7090 | D:8      | Found a sand-covered staircase.
  7116 | Ossuary  | Entered an ossuary
  7116 | Ossuary  | Reached ** piety under the Shining One
  7154 | Ossuary  | Reached skill level 5 in Dodging
  7154 | Ossuary  | Reached XP level 9. HP: 28/75 MP: 9/9
  7742 | D:8      | Noticed an eight-headed hydra
  7770 | D:7      | HP: 2/75 [eight-headed hydra (15)]
  7969 | D:8      | Reached skill level 9 in Long Blades
  8514 | D:9      | Reached *** piety under the Shining One
  8938 | D:9      | Reached skill level 1 in Invocations
  8987 | D:9      | Reached **** piety under the Shining One
  9103 | D:9      | Found a staircase to the Orcish Mines.
  9238 | D:9      | Reached skill level 10 in Long Blades
  9238 | D:9      | Reached XP level 10. HP: 16/86 MP: 10/12
  9620 | D:9      | Noticed a two-headed ogre
  9627 | D:9      | Killed a two-headed ogre
  9886 | D:9      | Identified the +6 trident "Ozuruod" {flame, rN+ MR++}
  9911 | D:9      | Reached ***** piety under the Shining One
 10344 | D:9      | Noticed a centaur warrior
 10360 | D:9      | Killed a centaur warrior
 10360 | D:9      | Reached skill level 11 in Long Blades
 10786 | D:10     | Entered Level 10 of the Dungeon
 11538 | D:10     | Noticed a death yak
 11549 | D:10     | Noticed a death yak
 11552 | D:10     | Noticed a death yak
 11554 | D:10     | Killed a death yak
 11554 | D:10     | Reached skill level 5 in Invocations
 11554 | D:10     | Reached XP level 11. HP: 34/94 MP: 14/14
 11557 | D:10     | Found a staircase to the Lair.
 11562 | D:10     | Killed a death yak
 11563 | D:10     | Slain by a death yak

Skill      XL: |  1  2  3  4  5  6  7  8  9 10 |
---------------+-------------------------------+-----
Dodging        | 3 4 5 6 |  6.7
Long Blades    | 3 4 5 7 8 10 11 | 11.3
Fighting       | 4 5 6 7 8 |  8.3
Shields        | 4 5 6 7 |  7.8
Stealth        | 1 2 |  2.1
Invocations    | 2 5 |  5.3
Evocations     | |  0.7

Action                   |  1- 3 |  4- 6 |  7- 9 | 10-12 || total
-------------------------+-------+-------+-------+-------++-------
Melee: Long sword        |   112 |   163 |   445 |   226 ||   946
       Tailslap          |    14 |    28 |    80 |    35 ||   157
Invok: Divine Shield     |       |       |     1 |     2 ||     3
 Abil: Evoke Berserk Rag |       |       |       |     2 ||     2
  Use: Scroll            |       |     2 |    13 |     3 ||    18
       Potion            |       |       |     1 |       ||     1
  Eat: Chunk             |     1 |     5 |     9 |     9 ||    24
       Ration            |     1 |       |     4 |       ||     5
Armor: Skin              |    28 |    32 |   177 |    60 ||   297
Dodge: Dodged            |    54 |    75 |   271 |    89 ||   489
Block: Shield            |    63 |    58 |   336 |   162 ||   619
       Rpst.: Long sword |    21 |    24 |    78 |    26 ||   149
